 Dungeon Crawl Stone Soup version 0.23-a0-519-ga799fc4 (webtiles) character file.

2 tidbits the Caller (level 1, 1/13 HPs)
             Began as a Gnoll Summoner on Dec 6, 2018.
             Quit the game on level 2 of the Dungeon.
             The game lasted 00:00:18 (17 turns).

tidbits the Caller (Gnoll Summoner)                   Turns: 17, Time: 00:00:18

Health: 1/13       AC:  2    Str: 10    XL:     1   Next: 30%
Magic:  2/6        EV: 14    Int: 17    God:
Gold:   0          SH:  0    Dex: 15    Spells: 8/9 levels left

rFire    . . .     SeeInvis .   (no weapon)
rCold    . . .     Gourm    .   (no shield)
rNeg     . . .     Faith    .   a - +0 robe
rPois    .         Spirit   .   (no helmet)
rElec    .         Reflect  .   (no cloak)
rCorr    .         Harm     .   (no gloves)
MR       .....                  (no boots)
Stlth    +++.......             (no amulet)
HPRegen  0.04/turn              (no ring)
MPRegen  0.10/turn              (no ring)

@: lethally poisoned (1 -> -5)
A: distributed training, fangs 1, strong nose
a: no special abilities


You were on level 2 of the Dungeon.
You were not hungry.

You visited 1 branch of the dungeon, and saw 2 of its levels.

Inventory:

Armour
 a - a +0 robe (worn)
Comestibles
 c - a ration


   Skills:
 + Level 0.0 Fighting
 + Level 0.0 Short Blades
 + Level 0.0 Long Blades
 + Level 0.0 Axes
 + Level 0.0 Maces & Flails
 + Level 0.0 Polearms
 + Level 0.0 Staves
 + Level 0.0 Slings
 + Level 0.0 Bows
 + Level 0.0 Crossbows
 + Level 0.0 Throwing
 + Level 0.0 Armour
 + Level 4.4 Dodging
 + Level 4.0 Stealth
 + Level 0.0 Shields
 + Level 0.0 Unarmed Combat
 + Level 4.8 Spellcasting
 + Level 0.0 Conjurations
 + Level 0.0 Hexes
 + Level 0.0 Charms
 + Level 7.0 Summonings
 + Level 0.0 Necromancy
 + Level 0.0 Translocations
 + Level 0.0 Transmutations
 + Level 0.0 Fire Magic
 + Level 0.0 Ice Magic
 + Level 0.0 Air Magic
 + Level 0.0 Earth Magic
 + Level 0.0 Poison Magic
 + Level 0.0 Invocations
 + Level 0.0 Evocations


You had 8 spell levels left.
You knew the following spells:

 Your Spells              Type           Power        Failure   Level  Hunger
a - Summon Small Mammal   Summ           ####         1%          1    None

Your spell library contained the following spells:

 Spells                   Type           Power        Failure   Level  Hunger
 Call Imp                 Summ           ####....     1%          2    #......
 Call Canine Familiar     Summ           ####....     2%          3    ###....
 Summon Guardian Golem    Hex/Summ       ###.....     11%         3    ###....
 Summon Ice Beast         Ice/Summ       ###.....     34%         4    ####...
 Summon Lightning Spire   Summ/Air       ###.....     34%         4    ####...


Dungeon Overview and Level Annotations

Branches:
Dungeon (2/15)

Altars:


Innate Abilities, Weirdness & Mutations

Your experience applies equally to all skills.
You have very sharp teeth.
Your uncanny sense of smell can sniff out nearby items.


Message History

Welcome, tidbits the Gnoll Summoner.
Will you be the one to retrieve the fabulous Orb of Zot from the depths?
Press ? for a list of commands and other information.
Found a robe, a scroll labeled XONUFUI DOIBA and 17 stones.
Found two stairs.
Unknown command.
Unknown command.
There is a stone staircase leading down here.
You climb downwards.
A worm comes into view.
Found six items.
There is a stone staircase leading up here.
Unknown command.
Unknown command.
Unknown command.
Casting: Summon Small Mammal (safe; 1% risk of failure)
Confirm with . or Enter, or press ? or * to list all spells.
Casting: Summon Small Mammal (safe; 1% risk of failure)
Confirm with . or Enter, or press ? or * to list all spells.
An adder comes into view.
Your quokka bites the worm.
Your quokka bites the worm.
Casting: Summon Small Mammal (safe; 1% risk of failure)
Confirm with . or Enter, or press ? or * to list all spells.
Your bat hits the worm.
Your quokka bites the worm.
Your bat hits the worm. x2; Your quokka barely misses the worm.
Casting: Summon Small Mammal (safe; 1% risk of failure)
Confirm with . or Enter, or press ? or * to list all spells.
Your bat hits the worm but does no damage.
The worm closely misses your bat.
Your quokka bites the worm.
Your bat hits the worm but does no damage.
Your bat hits the worm but does no damage.
Your bat barely misses the worm.
Your quokka bites the worm.
Your quokka closely misses the adder.
The adder closely misses you.
Casting: Summon Small Mammal (safe; 1% risk of failure)
Confirm with . or Enter, or press ? or * to list all spells.
Your quokka disappears in a puff of smoke!
Your bat hits the worm but does no damage.
Your bat hits the worm.
The worm dies!
Your quokka misses the adder. The adder bites you.
You are poisoned.
The adder poisons you!
You feel sick.
Your bat closely misses the adder.
Your bat barely misses the adder.
The adder barely misses you.
Your quokka misses the adder.
Your quokka closely misses the adder.
Unknown command.
You hit the adder.
The adder is lightly wounded.
Your bat misses the adder.
Your bat barely misses the adder.
The adder bites you.
Your quokka closely misses the adder.
Your bat hits the adder but does no damage.
Your quokka barely misses the adder.
You barely miss the adder. Your bite misses the adder.
The adder is lightly wounded.
Your bat barely misses the adder.
Your bat misses the adder. The adder barely misses you.
Your quokka bites the adder.
Your quokka barely misses the adder.
A worm comes into view.
The adder bites you.
* * * LOW HITPOINT WARNING * * *
Your quokka barely misses the adder.
You closely miss the adder. Your bite misses the adder.
The adder is moderately wounded.
You feel sick.
Your bat hits the adder but does no damage. x2
Your quokka barely misses the adder.
The adder closely misses you.
Your quokka barely misses the adder.
Unknown command.
You barely miss the adder.
The adder is moderately wounded.
Your bat closely misses the adder.
Your bat barely misses the adder.
Your quokka misses the adder. The adder bites you.
* * * LOW HITPOINT WARNING * * *
Your quokka misses the adder.
Your quokka completely misses the adder.
Are you sure you want to abandon this character and quit the game? (Confirm

## .# # .. #.#
##. #. ...
...#. ..
#.#.##.# .##
......###
.!$..#......###
.....r.@.†.....
.##...Sbb....w.
......r........
####........###
..........#
#..##...?.)#
.... #......#
.#$ #...%..#


You could see a worm, an adder, 2 friendly quokkas and 2 friendly bats.

Vanquished Creatures (collateral kills)
  A worm (D:2)
1 creature vanquished.

Notes
Turn   | Place    | Note
-------+----------+-------------------------------------------
     0 | D:1      | tidbits the Gnoll Summoner began the quest for the Orb.
     0 | D:1      | Reached XP level 1. HP: 13/13 MP: 6/6
    16 | D:2      | HP: 1/13 [adder (4)]
    17 | D:2      | Quit the game

Vault maps used:
D:1:      dpeg_arrival_pits
D:2:      serial_glass, glass_columns_a, glass_columns_b, item_on_display_b,
          minmay_strange_pillars

Action                   || total
-------------------------++-------
Melee: Unarmed           ||     4
 Cast: Summon Small Mamm ||     5
Dodge: Dodged            ||     4

Table legend:
 A = Non-vault XP
 B = Vault XP
 C = Vault XP percentage of total XP
 D = Non-vault monster count
 E = Vault monster count
 F = Vault count percentage of total count
                 A         B        C        D         E       F
            +---------+---------+-------+---------+---------+-------
      Total |       3 |       0 |   0.0 |       1 |       0 |   0.0
            +---------+---------+-------+---------+---------+-------
        D:2 |       3 |       0 |   0.0 |       1 |       0 |   0.0
            +---------+---------+-------+---------+---------+-------

Table legend:
 A = Turns spent in this place as a percentage of turns spent in the entire game.
 B = Non-inter-level travel turns spent in this place as a percentage of non-inter-level travel turns spent in the entire game.
 C = Inter-level travel turns spent in this place as a percentage of turns spent in this place.
 D = Turns resting spent in this place as a percentage of non-inter-level travel turns spent in this place.
 E = Turns spent auto-exploring this place as a percentage of non-inter-level travel turns spent in this place.
 F = Non-inter-level travel turns spent in this place divided by the number of levels of this place that you've seen.
                   A       B       C       D       E      F
               +-------+-------+-------+-------+-------+----------------------
         Total | 100.0 | 100.0 |   0.0 |   0.0 |   0.0 |   8.5
       Dungeon | 100.0 | 100.0 |   0.0 |   0.0 |   0.0 |   8.5
               +-------+-------+-------+-------+-------+----------------------

Table legend:
 A = Kills in this place as a percentage of kills in entire the game.
 B = Kills by you in this place as a percentage of kills by you in the entire game.
 C = Kills by friends in this place as a percentage of kills by friends in the entire game.
 D = Other kills in this place as a percentage of other kills in the entire game.
 E = Experience gained in this place as a percentage of experience gained in the entire game.
 F = Experience gained in this place divided by the number of levels of this place that you have seen.
                   A       B       C       D       E      F
               +-------+-------+-------+-------+-------+----------------------
         Total | 100.0 |   N/A | 100.0 |   N/A | 100.0 |   1.5
       Dungeon | 100.0 |   N/A | 100.0 |   N/A | 100.0 |   1.5
               +-------+-------+-------+-------+-------+----------------------

Vault maps used:
D:1:      dpeg_arrival_pits
D:2:      serial_glass, glass_columns_a, glass_columns_b, item_on_display_b,
          minmay_strange_pillars
